 Dungeon Crawl Stone Soup version 0.21-a0-471-gd587bd5 (webtiles) character file.

648 Spazmo the Magician (level 7, -2/36 HPs)
             Began as a Deep Elf Conjurer on Nov 21, 2017.
             Slain by Duvessa
             ... wielding a +5 short sword of electrocution
              (13 damage)
             ... on level 4 of the Dungeon.
             The game lasted 00:08:35 (3278 turns).

Spazmo the Magician (Deep Elf Conjurer)             Turns: 3278, Time: 00:08:35

Health: -2/36      AC:  5    Str:  5    XL:     7   Next: 27%
Magic:  11/20      EV: 14    Int: 22    God:
Gold:   174        SH:  0    Dex: 19    Spells: 10/21 levels left

rFire    + + .     SeeInvis .   s - +1 short sword (venom)
rCold    x . .     Gourm    .   (no shield)
rNeg     . . .     Faith    .   e - +2 robe {rF+}
rPois    .         Spirit   .   (no helmet)
rElec    .         Reflect  .   (no cloak)
rCorr    .         Harm     .   (no gloves)
MR       .....                  g - +0 pair of boots
Stlth    +++.......             (no amulet)
HPRegen  0.12/turn              d - +4 ring of dexterity
MPRegen  0.17/turn              f - ring of fire

@: no status effects
A: no striking features
a: no special abilities


You were on level 4 of the Dungeon.
You were not hungry.

You visited 1 branch of the dungeon, and saw 4 of its levels.

You collected 174 gold pieces.

Inventory:

Hand Weapons
 s - a +1 short sword of venom (weapon)
Missiles
 k - 121 stones (quivered)
Armour
 e - a +2 robe of fire resistance (worn)
 g - a +0 pair of boots (worn)
 v - a +2 robe of cold resistance
Jewellery
 d - a +4 ring of dexterity (left hand)
 f - a ring of fire (right hand)
 t - an uncursed ring of resist corrosion
Scrolls
 j - 3 scrolls of teleportation
 o - 2 scrolls of remove curse
 p - 2 scrolls of identify
 r - a scroll of noise {unknown}
 u - a scroll of fear {unknown}
Potions
 a - a potion of ambrosia
 h - 2 potions of curing
 l - a potion of heal wounds {unknown}
 q - a potion of flight
Books
 b - a book of Conjurations

   Spells                             Type                      Level
   a - Magic Dart                     Conjuration                  1
   b - Searing Ray                    Conjuration                  2
   c - Dazzling Spray                 Conjuration/Hexes            3
   d - Fulminant Prism                Conjuration/Hexes            4
   e - Force Lance                    Conjuration/Translocation    4
   f - Iskenderun's Mystic Blast      Conjuration                  4
Comestibles
 c - 2 bread rations
 i - 3 meat rations
 m - 6 fruits
 n - 6 chunks of flesh


   Skills:
 - Level 3.0 Dodging
 - Level 3.0 Stealth
 + Level 7.7 Spellcasting
 + Level 7.4 Conjurations


You had 10 spell levels left.
You knew the following spells:

 Your Spells              Type           Power        Failure   Level  Hunger
a - Magic Dart            Conj           ####         1%          1    None
b - Searing Ray           Conj           #####.       1%          2    None
c - Force Lance           Conj/Tloc      ###.....     16%         4    ###....
d - Iskenderun's Mystic   Conj           #####...     3%          4    ###....


Dungeon Overview and Level Annotations

Branches:
Dungeon (4/15)
 Temple: D:4-7

Altars:

Annotations:
D:4 Duvessa


Message History

Duvessa shouts!
Duvessa goes berserk!
Things that are here:
a dagger; the elf skeleton of Dowan
Casting: Magic Dart
Confirm with . or Enter, or press ? or * to list all spells.
Aiming: Searing Ray
Press: ? - help, Shift-Dir - straight line, f/p - Duvessa
Aim: Duvessa, wielding a short sword of electrocution and wearing a runed leather armour (lightly wounded, berserk, fast, unusually strong)
The searing ray hits Duvessa.
Duvessa is lightly wounded. (Press . to maintain the ray.)
The searing ray hits Duvessa.
Duvessa is lightly wounded.
The searing ray hits Duvessa.
Duvessa is moderately wounded.
Duvessa hits you with a short sword of electrocution! x2
The searing ray misses Duvessa.
You finish channeling your searing ray.
Duvessa hits you with a short sword of electrocution!
You die...

#..........##.#
#########..##.#
..........##.#
#######...##.#
...#...##.#
##.#....).#
#.........#
####......#
#@..#####
#e.........
#..########
#..# .....
.#..### ..#..#
.e #... ...
#..#


You could see Duvessa (berserk).

Vanquished Creatures
  Sigmund (D:3)
  Dowan (D:4)
  A crimson imp (D:3)
  A hound (D:4)
  An orc priest (D:3)
  An orc wizard (D:3)
  Jessica (D:2)
  Natasha (thrice) (D:2)
  Terence (D:3)
  Ijyb (D:3)
  8 gnolls
  2 adders (D:2)
  A worm (D:3)
  2 dart slugs
  3 leopard geckos
  An orc (D:3)
  5 giant cockroaches
  10 goblins
  6 hobgoblins
  6 jackals
  A quokka (D:3)
  A ball python (D:1)
  6 bats
  3 frilled lizards
  A giant cockroach zombie (D:3)
  11 kobolds
  A leopard gecko skeleton (D:4)
  4 rats
84 creatures vanquished.

Notes
Turn   | Place    | Note
-------+----------+-------------------------------------------
     0 | D:1      | Spazmo the Deep Elf Conjurer began the quest for the Orb.
     0 | D:1      | Reached XP level 1. HP: 10/10 MP: 6/6
   202 | D:1      | Reached XP level 2. HP: 15/15 MP: 5/8
   206 | D:1      | Learned a level 2 spell: Searing Ray
   545 | D:1      | Reached XP level 3. HP: 19/19 MP: 6/10
   917 | D:2      | Noticed Jessica
   924 | D:2      | Killed Jessica
   924 | D:2      | Reached skill level 5 in Conjurations
  1017 | D:2      | Noticed Natasha
  1020 | D:2      | Killed Natasha
  1020 | D:2      | Reached XP level 4. HP: 17/24 MP: 7/12
  1206 | D:2      | Noticed Natasha
  1207 | D:2      | Reached skill level 5 in Spellcasting
  1220 | D:2      | Killed Natasha
  1220 | D:2      | Reached XP level 5. HP: 20/28 MP: 0/14
  1432 | D:2      | Noticed Natasha
  1436 | D:2      | Killed Natasha
  2042 | D:3      | Reached XP level 6. HP: 32/32 MP: 9/17
  2050 | D:3      | Learned a level 4 spell: Force Lance
  2055 | D:3      | Learned a level 4 spell: Iskenderun's Mystic Blast
  2088 | D:3      | Noticed Ijyb
  2093 | D:3      | Killed Ijyb
  2211 | D:3      | Noticed Sigmund
  2216 | D:3      | Killed Sigmund
  2419 | D:3      | Reached XP level 7. HP: 23/36 MP: 6/19
  2758 | D:3      | Noticed Terence
  2764 | D:3      | Killed Terence
  3252 | D:4      | Noticed Dowan
  3264 | D:4      | Killed Dowan
  3272 | D:4      | Noticed Duvessa
  3278 | D:4      | Slain by Duvessa

Vault maps used:
D:1:      shiori_arrival_maze, minmay_misc_feat_alley
D:2:      uniq_natasha, uniq_jessica
D:3:      st_stairs_11, kennysheep_generic_room_3, uniq_terence, uniq_sigmund,
          uniq_ijyb
D:4:      minivault_11, fedhas_altar_2, uniq_crazy_yiuf_cottage, uniq_duvessa

Skill      XL: |  1  2  3  4  5  6 |
---------------+-------------------+-----
Stealth        | 3 |  3.0
Dodging        | 3 |  3.0
Spellcasting   | 4 5 6 7 |  7.7
Conjurations   | 5 6 7 |  7.4

Action                   |  1- 3 |  4- 6 |  7- 9 || total
-------------------------+-------+-------+-------++-------
Melee: Long sword        |       |     4 |       ||     4
       Short sword       |       |       |    14 ||    14
 Cast: Magic Dart        |    54 |   103 |    24 ||   181
       Searing Ray       |     1 |     7 |     4 ||    12
  Use: Scroll            |     4 |     2 |       ||     6
       Potion            |       |       |     2 ||     2
  Eat: Chunk             |       |     4 |     3 ||     7
Armor: Robe              |       |     4 |     3 ||     7
Dodge: Dodged            |     4 |    20 |    17 ||    41
       Rpst.: Long sword |       |     7 |       ||     7

Table legend:
 A = Spawn XP
 B = Non-spawn XP
 C = Spawn XP percentage of total XP
 D = Spawn monster count
 E = Non-spawn monster count
 F = Spawn count percentage of total count
 G = Total turns spent on level
                    A         B        C        D         E        F      G
               +---------+---------+-------+---------+---------+-------+---------
         Total |       0 |     926 |   0.0 |       0 |      84 |   0.0 |  3278
               +---------+---------+-------+---------+---------+-------+---------
           D:1 |       0 |      54 |   0.0 |       0 |      24 |   0.0 |   904
           D:2 |       0 |     298 |   0.0 |       0 |      31 |   0.0 |  1080
           D:3 |       0 |     464 |   0.0 |       0 |      26 |   0.0 |  1124
           D:4 |       0 |     110 |   0.0 |       0 |       3 |   0.0 |   170
               +---------+---------+-------+---------+---------+-------+---------
